AoeStats
← marc10der

Northern Isles

510335867Analyzed
1v1 RM · 2d ago on Sep 30, 2026· 40m 9s· 2 players
Game mode
Random Map
Map size
Tiny (2 player)
Population
200
Speed
Normal
Resources
Standard
Victory
Conquest
Starting age
Dark Age
Ending age
Imperial Age
RankedLock teamsTeams togetherTeam positionsShared explorationLock speedFull tech treeHidden civsTurbo modeCheats
Victory
Defeat
🇨🇭 Japanese · Switzerland
807
+15
788
-15
Fear And Loathing In Sim City
0:28 Loom
12:11 Feudal Age
13:56 Double-Bit Axe
15:09 Gold Mining
20:45 Castle Age
20:58 Fletching
22:35 Medium Warships
22:07 Fishing Lines
22:37 Bodkin Arrow
23:26 Wheelbarrow
23:50 Horse Collar
24:24 Bow Saw
25:37 Ballistics
25:29 Careening
25:30 Clinker Construction
25:26 Siphons
26:21 Masonry
40:42 Imperial Age
marc10der
2:09 Loom
11:05 Feudal Age
22:35 Castle Age
21:22 Stone Mining
22:02 Horse Collar
22:18 Gold Mining
24:55 Double-Bit Axe
26:18 Gold Shaft Mining
32:15 Imperial Age
31:32 Wheelbarrow
30:42 Town Watch
31:08 Heavy Plow
32:58 Hand Cart
33:50 Bow Saw
36:39 Chemistry
37:45 Ballistics
Connection lost

Rejoining the realm…

Still unreachable

The connection could not be restored.

Session expired

The server has moved on; the page needs a fresh start.